 Dungeon Crawl Stone Soup version 0.30-a0-591-g3c58d2b (webtiles) character file.

Game seed: 16465133066583155951

140 malesh the Insei (level 5, -15/34 HPs)
             Began as an Octopode Transmuter on Jan 4, 2023.
             Killed by an exploding giant cockroach (49 damage)
             ... ignited by their inner flame
             ... on level 3 of the Dungeon.
             The game lasted 00:07:09 (2312 turns).

malesh the Insei (Octopode Transmuter)              Turns: 2312, Time: 00:07:09

Health: -15/34     AC:  1    Str: 10    XL:     5   Next: 23%
Magic:  9/9        EV: 13    Int: 15    God:
Gold:   137        SH:  0    Dex: 14    Spells: 4/10 levels left

rFire   . . .      SeeInvis .      - Unarmed
rCold   . . .      Faith    .    (no shield)
rNeg    . . .      Spirit   .    (helmet restricted)
rPois   .          Reflect  .    d - amulet of magic regeneration
rElec   .          Harm     .    (no ring)
rCorr   .          Rampage  .    (no ring)
Will    .....                    (no ring)
Stlth   +++                      (no ring)
HPRegen 0.25/turn                (no ring)
MPRegen 0.51/turn                (no ring)
                                 (no ring)
                                 (no ring)

@: about to teleport
A: almost no armour, amphibious, 8 rings, camouflage 1, gelatinous body 1,
(nimble swimmer 1), tentacles
a: no special abilities


You were on level 3 of the Dungeon.
You visited 1 branch of the dungeon, and saw 3 of its levels.

You collected 137 gold pieces.

Inventory:

Jewellery
 d - an amulet of magic regeneration (around mantle)
Scrolls
 i - a scroll of teleportation
Potions
 a - a potion of lignification
 e - a potion of degeneration {unknown}
 h - a potion of attraction {unknown}
 j - a potion of heal wounds {unknown}
 l - a potion of ambrosia {unknown}
 m - a potion of flight {unknown}
 n - a potion of curing {unknown}


   Skills:
 + Level 1.8 Fighting
 + Level 2.5 Dodging
 + Level 1.5 Stealth
 + Level 3.8 Unarmed Combat
 + Level 3.0 Spellcasting
 + Level 2.8 Transmutations


You had 4 spell levels left.
You knew the following spells:

 Your Spells              Type           Power      Damage    Failure   Level
a - Beastly Appendage     Tmut           20%        N/A       6%          1
b - Wereblood             Tmut           10%        N/A       10%         2
c - Spider Form           Tmut/Pois      6%         N/A       34%         3

Your spell library contained the following spells:

 Spells                   Type           Power      Damage    Failure   Level
 Magic Dart               Conj           8%         1d3       21%         1
 Call Imp                 Summ           2%         N/A       30%         2
 Mephitic Cloud           Conj/Pois/Air  2%         N/A       52%         3
 Summon Guardian Golem    Hex/Summ       2%         N/A       52%         3
 Ice Form                 Ice/Tmut       6%         N/A       75%         4
 Orb of Destruction       Conj           1%         9d5       100%        7
 Spellforged Servitor     Conj/Summ      1%         N/A       100%        7


Dungeon Overview and Level Annotations

Branches:
Dungeon (3/15)

Altars:

Annotations:
D:3 Sigmund


Innate Abilities, Weirdness & Mutations

You cannot wear most types of armour.
You are amphibious.
You can wear up to eight rings at the same time.
Your skin changes colour to match your surroundings (Stealth+).
Your rubbery body absorbs attacks. (AC +1, EV +1)
((You are camouflaged when in or above water. (Stealth+)))
You have tentacles for arms and can constrict up to eight enemies at once.


Message History

The air fills with toxic fumes!
As you read the scroll labelled ECODUDEKEWK, it crumbles to dust.
It was a scroll of poison.
As you read the scroll labelled TEJA UNILEPNUONK, it crumbles to dust.
The scroll dissolves into smoke.
It was a scroll of fog.
As you read the scroll labelled ORGHEPT ESTESALL, it crumbles to dust.
You assume a fearsome visage.
Nothing appears to happen.
It was a scroll of fear.
Blink to where?
Press: ? - help, Dir - move target, f - you Are you sure you want to cancel this blink?
Okay, then.
As you read the scroll labelled QYBEMI YZIZYVE, it crumbles to dust.
It was a scroll of blinking.
As you read the scroll labelled QAOFRU LATOTU, it crumbles to dust.
Wisps of shadow whirl around you...
It was a scroll of summoning.
As you read the scroll labelled MYTYLO FOBLEIL, it crumbles to dust.
You feel strangely unstable.
It was a scroll of teleportation.
Your quokka is engulfed in poison gas.
Your quokka is poisoned.
Your ball python is engulfed in poison gas.
Your ball python is poisoned.
Your giant cockroach is engulfed in poison gas.
Your giant cockroach is poisoned.
As you read the scroll labelled SICZOEMI YRIT, it crumbles to dust.
The creatures around you are filled with an inner flame!
It was a scroll of immolation.
Flame seeps out of your giant cockroach.
Your ball python looks even sicker.
Your quokka looks even sicker.
Your giant cockroach is engulfed in poison gas.
Your giant cockroach looks even sicker.
Your giant cockroach's corpse dissolves into shadows!
Your giant cockroach explodes!
The fiery explosion engulfs your quokka!!
Your quokka's corpse dissolves into shadows!
The fiery explosion engulfs your endoplasm!!!
Your endoplasm dissolves into shadows!
The fiery explosion engulfs you!!!
Ouch! That really hurt!
You die...

.# #. #............# ..
.. #§.####.####.#
#.##§#####.# #.####
#..§☼☼§☼##.# #....#
!..§.##§§§§##.# ####.#
##.#§##§§☼§☼#.# #.# ..
§§§§§§§§§#.# #.#####
#§##§§§§☼#.#######.#....
.§§§☼§§§@S#.#.......#.###
.####§§§§§# #.#######.#
#§§§§§# #.#...###.#
§§§##### #.........# ##☼#
########### ☼§§ ###


You could see a friendly ball python (summoned, inner flame, very poisoned).

Vanquished Creatures
  An orc priest (D:3)
  5 adders
  A worm (D:2)
  2 orcs
  4 endoplasms
  A giant cockroach (D:1)
  8 goblins
  5 hobgoblins
  6 jackals
  9 kobolds
  2 quokkas
  2 ball pythons
  3 bats
  A frilled lizard (D:2)
  9 rats
59 creatures vanquished.

Vanquished Creatures (others)
  5 fungi (D:1)
  5 plants (D:1)
10 creatures vanquished.

Grand Total: 69 creatures vanquished

Notes
Turn   | Place    | Note
-------+----------+-------------------------------------------
     0 | D:1      | malesh the Octopode Transmuter began the quest for the Orb.
     0 | D:1      | Reached XP level 1. HP: 13/13 MP: 3/3
    81 | D:1      | Reached XP level 2. HP: 18/18 MP: 3/5
    84 | D:1      | Learned a level 2 spell: Wereblood
   290 | D:1      | Found a faded altar of an unknown god.
   542 | D:1      | Reached XP level 3. HP: 13/23 MP: 6/6
  1192 | D:1      | Learned a level 3 spell: Spider Form
  1478 | D:2      | Reached XP level 4. HP: 24/29 MP: 7/7
  1964 | D:3      | Reached skill level 1 in Stealth
  1985 | D:3      | Noticed Sigmund
  2046 | D:3      | HP: 1/29 [orc priest/+0 mace (7)]
  2049 | D:3      | Reached XP level 5. HP: 2/34 MP: 9/9
  2312 | D:3      | Killed by an exploding giant cockroach... ignited by their
                  | inner flame

Illustrated notes

Levels and vault maps discovered:
D:1:      enne_arrival_octagon_isle, layout_basic,
          dreamdust_ecumenical_altar_hidden_monk_grotto
D:2:      layout_basic, minmay_tall_x
D:3:      layout_basic, minmay_diced_spiral, uniq_sigmund, uniq_jessica

Skill      XL: |  1  2  3  4 |
---------------+-------------+-----
Stealth        | 1 |  1.5
Spellcasting   | 3 |  3.0
Fighting       | |  1.8
Dodging        | |  2.5
Unarmed Combat | |  3.8
Transmutations | |  2.8

Action                   |  1- 3 |  4- 6 || total
-------------------------+-------+-------++-------
Melee: Unarmed           |    77 |    51 ||   128
       Constrict         |    22 |    12 ||    34
       Kick              |    20 |    16 ||    36
       Tentacles         |    11 |     9 ||    20
       Punch             |     3 |       ||     3
 Cast: Beastly Appendage |    28 |    14 ||    42
  Use: Scroll            |       |     7 ||     7
 Stab: Sleeping          |     1 |     4 ||     5
Armor: Skin              |     5 |       ||     5
Dodge: Dodged            |    56 |    26 ||    82

Table legend: (Time is in decaauts)
 A = Elapsed time spent in this place.
 B = Non-inter-level travel time spent in this place.
 C = Inter-level travel time spent in this place.
 D = Time resting spent in this place.
 E = Time spent auto-exploring this place.
 F = Levels seen in this place.
 G = Mean time per level.
                   A        B        C        D        E       F      G
               +--------+--------+--------+--------+--------+-----+--------+
         Total |   2303 |   2241 |     62 |    122 |   1636 |   3 |  767.7 |
       Dungeon |   2303 |   2241 |     62 |    122 |   1636 |   3 |  767.7 |
               +--------+--------+--------+--------+--------+-----+--------+

Top non-repeatable levels by time:
     D:1: 1285 daAuts
     D:2: 673 daAuts
     D:3: 344 daAuts
